 Dungeon Crawl Stone Soup version 0.29.0-4-gdea44cf6ec (webtiles) character file.

Game seed: 12128937154078331354

1314 qw the Grappler (level 8, 0/75 HPs)
             Began as a Troll Cinder Acolyte on Sept 2, 2022.
             Was an Elder of Ignis.
             Succumbed to a killer bee's poison
             ... on level 7 of the Dungeon.
             The game lasted 00:02:34 (5108 turns).

qw the Grappler (Troll Cinder Acolyte)              Turns: 5108, Time: 00:02:34

Health: 0/75       AC: 11    Str: 29      XL:     8   Next: 32%
Magic:  8/8        EV:  9    Int:  8 (9)  God:    Ignis [****..]
Gold:   162        SH:  0    Dex:  3 (4)  Spells: 9/9 levels left

rFire   + . .      SeeInvis .     - Unarmed
rCold   + . .      Faith    .   (no shield)
rNeg    . . .      Spirit   .   a - +0 robe
rPois   .          Reflect  .   (helmet restricted)
rElec   .          Harm     .   (no cloak)
rCorr   .          Rampage  .   (gloves unavailable)
Will    .....                   (boots unavailable)
Stlth   +.........              (no amulet)
HPRegen 1.02/turn               o - ring of protection from cold
MPRegen 0.11/turn               (no ring)

@: lethally poisoned (0 -> -4), about to teleport, fiery-armoured
A: large, unfitting armour, claws 3, regeneration 1, shaggy fur 1, tough skin 1,
antennae 1, deterioration 1, strong 1
a: Renounce Religion, Fiery Armour, Foxfire Swarm, Rising Flame


You were on level 7 of the Dungeon.
You worshipped Ignis.
Ignis was greatly pleased with you.
You visited 1 branch of the dungeon, and saw 7 of its levels.

You collected 228 gold pieces.
You spent 66 gold pieces at shops.


Innate Abilities, Weirdness & Mutations

You are too large for most types of armour.
You have claws for hands.
Your natural rate of healing is unusually fast.
You are covered in fur. (AC +1)
You have tough skin. (AC +1)
You have a pair of small antennae on your head.
Your body sometimes deteriorates upon taking damage.
Your muscles are strong. (Str +4, Int/Dex -1)


   Skills:
 - Level 3.5 Fighting
 - Level 3.3 Throwing
 + Level 9.4 Unarmed Combat
 - Level 1.0 Spellcasting
 - Level 2.1 Fire Magic


You had 9 spell levels left.
You didn't know any spells.
Your spell library contained the following spells:

 Spells                   Type           Power      Damage    Failure   Level
 Scorch                   Fire           6%         2d5       24%         2

Inventory:

Missiles
 n - 6 large rocks (quivered)
Armour
 a - a +0 robe (worn)
Jewellery
 o - a ring of protection from cold (left claw)
Scrolls
 d - 2 scrolls of teleportation
 e - a scroll of identify
 g - a scroll of enchant armour
 m - a scroll of enchant weapon
Potions
 b - 3 potions of curing
 c - a potion of heal wounds {unknown}
 f - a potion of resistance
 h - 3 potions of mutation
 i - a potion of cancellation {unknown}
 j - a potion of magic {unknown}
 k - a potion of brilliance {unknown}
 l - a potion of haste {unknown}
 p - a potion of flight {unknown}
 q - a potion of ambrosia {unknown}

Dungeon Overview and Level Annotations

Branches:
Dungeon (7/15)
 Temple: D:4-7

Altars:

Shops:
D:4 !

Annotations:
D:3 1 runed translucent door, Crazy Yiuf
D:4 2 runed translucent doors
D:7 Joseph


Message History

You scratch Joseph but do no damage.
Joseph is severely wounded.
You hear a bellow! x2
The killer bee stings you.
You are poisoned.
The killer bee poisons you!
The killer bee is burned by your cloak of flames.
The killer bee is heavily wounded.
The killer bee closely misses you. Joseph hits you with a +0 quarterstaff.
Joseph is burned by your cloak of flames.
Joseph is severely wounded.
The killer bee stings you but does no damage.
The killer bee is burned by your cloak of flames.
The killer bee is severely wounded.
The killer bee closely misses you.
5106 ||| READING 3 scrolls of teleportation.
As you read the scroll of teleportation, it crumbles to dust.
You feel strangely unstable.
You feel very sick.
The killer bee stings you but does no damage.
The killer bee is burned by your cloak of flames.
The killer bee is almost dead.
The killer bee stings you. Joseph hits you with a +0 quarterstaff.
Joseph is burned by your cloak of flames.
Joseph is severely wounded.
The killer bee closely misses you. The killer bee barely misses you.
You barely miss the killer bee.
The killer bee is almost dead.
You feel sick. The killer bee stings you.
You are more poisoned.
The killer bee poisons you!
The killer bee is burned by your cloak of flames.
You kill the killer bee!
The killer bee closely misses you. Joseph hits you but does no damage.
The killer bee stings you but does no damage.
The killer bee is burned by your cloak of flames.
The killer bee is moderately wounded.
You scratch Joseph.
Joseph is almost dead.
You die...

### #<#
##.###.###
#...@@...#
#..###y#[#
# #y#.#
#.# # ...
#.# ... ..


You could see Joseph and 2 killer bees.

Vanquished Creatures
  A water moccasin (D:6)
  Duvessa (D:6)
  An orc warrior (D:5)
  A black bear (D:6)
  An ogre (D:6)
  2 scorpions
  A bullfrog (D:5)
  A necrophage (D:6)
  Dowan (D:6)
  2 killer bees (D:7)
  3 orc priests
  4 orc wizards
  Ijyb (D:5)
  2 iguanas
  Robin (D:2)
  9 adders
  3 white imps (D:6)
  An ufetubus (D:5)
  2 worms (D:2)
  3 dart slugs
  6 orcs
  5 endoplasms
  2 giant cockroaches (D:2)
  7 hobgoblins
  8 kobolds
  6 quokkas
  3 ball pythons
  6 bats
  2 frilled lizards
  19 goblins
  4 rats
109 creatures vanquished.

Notes
Turn   | Place    | Note
-------+----------+-------------------------------------------
     0 | D:1      | qw the Troll Cinder Acolyte began the quest for the Orb.
     0 | D:1      | Reached XP level 1. HP: 22/22 MP: 1/1
     0 | D:1      | 0 ||| qw: Version: 0.1-a-97-g2dd2ca4
     0 | D:1      | 0 ||| qw: Game counter: 4980
     0 | D:1      | 0 ||| qw: Always use a shield: true
     0 | D:1      | 0 ||| qw: God list: Okawaru
     0 | D:1      | 0 ||| qw: Allow faded altars: false
     0 | D:1      | 0 ||| qw: Do Orc after D:15 true
     0 | D:1      | 0 ||| qw: Do second Lair branch before Depths: true
     0 | D:1      | 0 ||| qw: Lair rune preference: random
     0 | D:1      | 0 ||| qw: Plans: Normal
     0 | D:1      | 0 ||| PLANNING D:1-11
   151 | D:1      | 151 ||| Stepping ~*~*~tactically~*~*~ (outnumbered).
   162 | D:1      | Reached XP level 2. HP: 18/29 MP: 2/2
   361 | D:1      | 361 ||| Stepping ~*~*~tactically~*~*~ (outnumbered).
   362 | D:1      | 362 ||| Stepping ~*~*~tactically~*~*~ (outnumbered).
   363 | D:1      | 363 ||| Stepping ~*~*~tactically~*~*~ (outnumbered).
   475 | D:1      | Found a faded altar of an unknown god.
   741 | D:1      | 741 ||| READING scroll labelled KISTRE TIQIRAE.
   744 | D:1      | 744 ||| READING 3 scrolls labelled PATAZI ITSEIT.
   745 | D:1      | 745 ||| READING scroll labelled YGAVAM KOUDU.
   846 | D:1      | 846 ||| READING scroll labelled DAERGHO JEMAYL.
   861 | D:1      | 861 ||| READING scroll labelled LIRRYL OKARIK.
   862 | D:1      | 862 ||| READING 2 scrolls of identify.
   862 | D:1      | 862 ||| IDENTIFYING purple potion
   891 | D:2      | Reached skill level 4 in Unarmed Combat
   969 | D:2      | 969 ||| Stepping ~*~*~tactically~*~*~ (stealth).
   970 | D:2      | 970 ||| Stepping ~*~*~tactically~*~*~ (stealth).
   971 | D:2      | 971 ||| Stepping ~*~*~tactically~*~*~ (stealth).
   975 | D:2      | Reached XP level 3. HP: 36/36 MP: 3/3
  1094 | D:2      | 1094 ||| Stepping ~*~*~tactically~*~*~ (hiding).
  1282 | D:2      | Identified the +4 ring mail of the Delicate Grue {rC+ Int+3
                  | Dex-3}
  1359 | D:2      | 1359 ||| Stepping ~*~*~tactically~*~*~ (stealth).
  1409 | D:2      | 1409 ||| Stepping ~*~*~tactically~*~*~ (stealth).
  1412 | D:2      | 1412 ||| Stepping ~*~*~tactically~*~*~ (stealth).
  1413 | D:2      | Noticed Robin
  1416 | D:2      | Killed Robin
  1429 | D:2      | 1429 ||| Stepping ~*~*~tactically~*~*~ (outnumbered).
  1439 | D:2      | 1439 ||| Stepping ~*~*~tactically~*~*~ (stealth).
  1663 | D:2      | 1663 ||| DRINKING 2 smoky sapphire potions.
  1719 | D:2      | 1719 ||| DRINKING 2 sedimented ruby potions.
  1719 | D:2      | Gained mutation: You have a pair of small antennae on your
                  | head. [potion of mutation]
  1719 | D:2      | Gained mutation: Your muscles are strong. (Str +4, Int/Dex
                  | -1) [potion of mutation]
  1719 | D:2      | Gained mutation: Your body sometimes deteriorates upon
                  | taking damage. [potion of mutation]
  1720 | D:2      | 1720 ||| DROPPING potion of lignification.
  1778 | D:3      | Reached skill level 5 in Unarmed Combat
  1778 | D:3      | Reached XP level 4. HP: 44/44 MP: 4/4
  2059 | D:3      | 2059 ||| Stepping ~*~*~tactically~*~*~ (stealth).
  2067 | D:3      | 2067 ||| Stepping ~*~*~tactically~*~*~ (stealth).
  2345 | D:3      | 2345 ||| Stepping ~*~*~tactically~*~*~ (hiding).
  2422 | D:3      | Found a runed translucent door.
  2423 | D:3      | Noticed Crazy Yiuf
  2665 | D:3      | 2665 ||| DROPPING amulet of magic regeneration.
  2666 | D:3      | 2666 ||| READING scroll labelled CAMOCL ATYN.
  2667 | D:3      | 2667 ||| DRINKING 3 smoky yellow potions.
  2668 | D:3      | 2668 ||| READING 2 scrolls of identify.
  2668 | D:3      | 2668 ||| IDENTIFYING inky potion
  2669 | D:3      | 2669 ||| DROPPING 2 potions of attraction.
  2805 | D:4      | 2805 ||| FLEEEEING.
  2806 | D:4      | 2806 ||| FLEEEEING.
  2808 | D:4      | 2808 ||| FLEEEEING.
  2811 | D:4      | 2811 ||| FLEEEEING.
  2812 | D:4      | 2812 ||| FLEEEEING.
  2813 | D:4      | 2813 ||| FLEEEEING.
  2814 | D:4      | 2814 ||| FLEEEEING.
  2815 | D:4      | 2815 ||| FLEEEEING.
  2829 | D:4      | 2829 ||| FLEEEEING.
  2830 | D:4      | 2830 ||| FLEEEEING.
  2831 | D:4      | 2831 ||| FLEEEEING.
  2832 | D:4      | 2832 ||| FLEEEEING.
  2833 | D:4      | 2833 ||| FLEEEEING.
  2836 | D:4      | 2836 ||| FLEEEEING.
  2840 | D:4      | 2840 ||| STAIRDANCE
  2981 | D:4      | 2981 ||| STAIRDANCE
  3115 | D:4      | 3115 ||| Stepping ~*~*~tactically~*~*~ (hiding).
  3119 | D:4      | 3119 ||| INVOKING Fiery Armour.
  3125 | D:4      | Reached XP level 5. HP: 24/50 MP: 5/5
  3132 | D:4      | Reached skill level 6 in Unarmed Combat
  3225 | D:4      | You fall into a shaft and drop 1 floor!
  3225 | D:5      | Entered Level 5 of the Dungeon
  3261 | D:5      | 3261 ||| READING scroll labelled HOET BAGOALIOS.
  3371 | D:4      | Reached XP level 6. HP: 55/59 MP: 6/6
  3494 | D:4      | Found Xeenurgh's Distillery.
  3502 | D:4      | 3502 ||| BUYING potion of curing (33 gold).
  3502 | D:4      | Bought a potion of curing for 33 gold pieces
  3502 | D:4      | 3502 ||| BUYING potion of curing (33 gold).
  3502 | D:4      | Bought a potion of curing for 33 gold pieces
  3626 | D:4      | Found a large runed translucent door.
  3629 | D:4      | Found a large runed translucent door.
  3637 | D:4      | 3637 ||| Stepping ~*~*~tactically~*~*~ (hiding).
  3639 | D:4      | 3639 ||| Stepping ~*~*~tactically~*~*~ (hiding).
  3857 | D:4      | 3857 ||| UPGRADING to ring of protection from cold.
  3858 | D:4      | 3858 ||| READING 2 scrolls labelled TEFIMO TIQY.
  3859 | D:4      | 3859 ||| READING scroll labelled HEUPSO MAESISU.
  3860 | D:4      | 3860 ||| READING 2 scrolls labelled LUTHRE RIUC.
  3861 | D:4      | 3861 ||| DROPPING scroll of vulnerability.
  3893 | D:5      | Reached skill level 7 in Unarmed Combat
  4115 | D:5      | Noticed Ijyb
  4117 | D:5      | 4117 ||| DRINKING 6 potions of curing.
  4117 | D:5      | 4117 ||| (to cure confusion)
  4119 | D:5      | 4119 ||| DRINKING 5 potions of curing.
  4119 | D:5      | 4119 ||| (to cure confusion)
  4125 | D:5      | Killed Ijyb
  4197 | D:5      | 4197 ||| DRINKING 4 potions of curing.
  4197 | D:5      | 4197 ||| (to cure confusion)
  4213 | D:5      | 4213 ||| Stepping ~*~*~tactically~*~*~ (stealth).
  4369 | D:6      | Noticed an orc warrior
  4374 | D:6      | 4374 ||| INVOKING Fiery Armour.
  4375 | D:6      | 4375 ||| STAIRDANCE
  4382 | D:5      | Killed an orc warrior
  4383 | D:5      | Reached skill level 8 in Unarmed Combat
  4383 | D:5      | Reached XP level 7. HP: 63/66 MP: 7/7
  4388 | D:6      | 4388 ||| STAIRDANCE
  4396 | D:6      | 4396 ||| Stepping randomly (disturbance).
  4397 | D:6      | 4397 ||| Stepping randomly (disturbance).
  4398 | D:6      | 4398 ||| Stepping randomly (disturbance).
  4399 | D:6      | 4399 ||| Stepping randomly (disturbance).
  4598 | D:6      | Reached skill level 3 in Fighting
  4646 | D:6      | Noticed Duvessa
  4646 | D:6      | Noticed Dowan
  4647 | D:6      | 4647 ||| INVOKING Fiery Armour.
  4657 | D:6      | 4657 ||| Stepping ~*~*~tactically~*~*~ (hiding).
  4659 | D:6      | Killed Duvessa
  4660 | D:6      | Reached skill level 1 in Throwing
  4661 | D:6      | 4661 ||| Stepping ~*~*~tactically~*~*~ (hiding).
  4665 | D:6      | Killed Dowan
  4687 | D:6      | Reached skill level 3 in Throwing
  4775 | D:6      | Reached XP level 8. HP: 61/75 MP: 8/8
  4925 | D:6      | 4925 ||| Stepping ~*~*~tactically~*~*~ (stealth).
  4926 | D:6      | 4926 ||| Stepping ~*~*~tactically~*~*~ (stealth).
  4967 | D:6      | Reached skill level 9 in Unarmed Combat
  5092 | D:7      | Noticed Joseph
  5099 | D:7      | 5099 ||| INVOKING Fiery Armour.
  5105 | D:7      | HP: 16/75 [Joseph/+0 quarterstaff (5)]
  5106 | D:7      | 5106 ||| READING 3 scrolls of teleportation.
  5107 | D:7      | HP: 2/75 [killer bee (6)]
  5108 | D:7      | Succumbed to a killer bee's poison

Levels and vault maps discovered:
D:1:      elethiomel_arrival_quiet, layout_basic, ebering_ecumenical_altar_mist
D:2:      layout_loops_ring, uniq_robin
D:3:      kennysheep_the_goblin_king, layout_loops_cross, serial_rivers,
          chequers_serial_rivers_large_b, chequers_serial_rivers_small_b,
          chequers_serial_rivers_micro_a, chequers_serial_rivers_small_a,
          chequers_serial_rivers_room_a, uniq_crazy_yiuf_cottage
D:4:      layout_loops_cross, jmf_multi_god_temple2, serial_shops,
          nicolae_shop_advertising_works [nicolae_subvault_shop_adworks]
D:5:      layout_basic, uniq_ijyb
D:6:      layout_loops_ring, uniq_duvessa
D:7:      layout_basic, minmay_temple_entry_waves, uniq_pikel, uniq_joseph

Skill      XL: |  1  2  3  4  5  6  7  8 |
---------------+-------------------------+-----
Unarmed Combat | 4 5 6 8 9 |  9.4
Fighting       | 3 |  3.5
Throwing       | 3 |  3.3
Spellcasting   | |  1.0
Fire Magic     | |  2.1

Action                   |  1- 3 |  4- 6 |  7- 9 || total
-------------------------+-------+-------+-------++-------
Melee: Unarmed           |   119 |   139 |    51 ||   309
       Punch             |     2 |     2 |     2 ||     6
Throw: Large rock        |       |       |     7 ||     7
Invok: Fiery Armour      |       |     2 |     2 ||     4
  Use: Scroll            |     6 |     6 |     1 ||    13
       Potion            |     2 |     4 |       ||     6
Armor: Robe              |    34 |    37 |    18 ||    89
Dodge: Dodged            |    47 |    39 |    24 ||   110

Table legend:
 A = Non-vault XP
 B = Vault XP
 C = Vault XP percentage of total XP
 D = Non-vault monster count
 E = Vault monster count
 F = Vault count percentage of total count
                 A         B        C        D         E       F
            +---------+---------+-------+---------+---------+-------
      Total |    1587 |     291 |  15.5 |      89 |      20 |  18.3
            +---------+---------+-------+---------+---------+-------
        D:1 |      28 |       0 |   0.0 |      17 |       0 |   0.0
        D:2 |      35 |      33 |  48.5 |      15 |      10 |  40.0
        D:3 |      51 |      13 |  20.3 |      17 |       7 |  29.2
        D:4 |     222 |       0 |   0.0 |      12 |       0 |   0.0
        D:5 |     400 |      36 |   8.3 |      10 |       1 |   9.1
        D:6 |     725 |     209 |  22.4 |      16 |       2 |  11.1
        D:7 |     126 |       0 |   0.0 |       2 |       0 |   0.0
            +---------+---------+-------+---------+---------+-------
